 Dungeon Crawl Stone Soup version 0.19.0-11-g3fc08b3 (webtiles) character file.

1825 MTVSty1e the Skirmisher (level 9, 0/72 HPs)
             Began as a Formicid Fighter on Nov 8, 2016.
             Was a Follower of the Shining One.
             Slain by an orc warrior
             ... wielding a +2 glaive of flaming
              (14 damage)
             ... on level 6 of the Dungeon.
             The game lasted 00:15:18 (7763 turns).

MTVSty1e the Skirmisher (Formicid Fighter)          Turns: 7763, Time: 00:15:19

Health: 0/72       AC:  9    Str: 24    XL:     9   Next: 32%
Magic:  12/12      EV: 11    Int:  8    God:    the Shining One [*.....]
Gold:   467        SH: 10    Dex: 10    Spells: 0 memorised, 8 levels left

rFire  . . .     SeeInvis +     a - +0 war axe
rCold  . . .     Gourm    .     b - +0 scale mail
rNeg   . . .     Faith    .     c - +0 shield
rPois  .         Spirit   .     (helmet unavailable)
rElec  .         Reflect  .     s - +1 cloak
rCorr  .         Harm     .     (no gloves)
MR     .....                    (no boots)
Stlth  ..........               (no amulet)
                                (no ring)
                                (no ring)

@: glowing
A: permanent stasis, dig shafts and tunnels, four strong arms, antennae 3
a: Dig, Shaft Self, Renounce Religion


You were on level 6 of the Dungeon.
You worshipped the Shining One.
The Shining One was aware of your devotion.
You were not hungry.

You visited 1 branch of the dungeon, and saw 6 of its levels.

You collected 467 gold pieces.

Inventory:

Hand Weapons
 a - a +0 war axe (weapon)
Armour
 b - a +0 scale mail (worn)
 c - a +0 shield (worn)
 s - a +1 cloak (worn)
Jewellery
 w - an uncursed ring of wizardry {unknown}
 x - an uncursed ring of resist corrosion {unknown}
Scrolls
 e - 4 scrolls of recharging {unknown}
 g - 15 scrolls of identify {unknown}
 h - 2 scrolls of teleportation {unknown}
 i - 3 scrolls of enchant armour {unknown}
 m - a scroll of amnesia {unknown}
 o - 2 scrolls of fear {unknown}
 q - 2 scrolls of noise {unknown}
 t - 3 scrolls of remove curse {unknown}
 u - a scroll of fog {unknown}
Potions
 d - a potion of haste
 j - 2 potions of curing
 k - a potion of cure mutation {unknown}
 l - a potion of invisibility {unknown}
 n - 2 potions of brilliance {unknown}
 p - 2 potions of lignification {unknown}
 r - 2 potions of heal wounds {unknown}
 v - a potion of flight {unknown}
 z - 2 potions of degeneration {unknown}
Comestibles
 f - 6 bread rations


   Skills:
 * Level 7.5 Fighting
 + Level 4.6 Axes
 + Level 5.5 Armour
 + Level 4.0 Dodging
 + Level 6.6 Shields
 * Level 4.3 Invocations


You had 8 spell levels left.
You didn't know any spells.

Dungeon Overview and Level Annotations

Branches:
Dungeon (6/15)             Temple (0/1) D:5

Altars:
Ashenzari
Okawaru
Zin
The Shining One

Shops:
D:4 }

Annotations:
D:6 Menkaure, Prince Ribbit


Innate Abilities, Weirdness & Mutations

You are under a permanent stasis effect.
You can dig through walls and to a lower floor.
Your four strong arms can wield two-handed weapons with a shield.
You have a pair of large antennae on your head. (SInv)


Message History

The orc warrior hits you with a glaive of flaming!
The orc warrior burns you. You block Menkaure's attack.
You hit Menkaure.
Menkaure is severely damaged.
You slash the orc warrior! Menkaure misses you.
The orc warrior hits you with a glaive of flaming.
* * * LOW HITPOINT WARNING * * *
The orc warrior burns you.
* * * LOW HITPOINT WARNING * * *
It was a potion of curing.
You feel better. Menkaure misses you. The orc warrior barely misses you.
Menkaure points at you and mumbles some strange words.
Pain shoots through your body!
* * * LOW HITPOINT WARNING * * *
You are too injured to fight recklessly!
You are too injured to fight recklessly!
It was a potion of haste.
Your stasis keeps you stable.
Menkaure casts a spell.
The orc warrior hits you with a glaive of flaming!
You die...

############ #..........# #
#..........# ## #..[.......#
.##########..........#
.....................#..
##..#..........)........
###.#.....#.....@o......
..._......#......M....[. .......
#.#.#.....#............. ......
..........#............. .... .
##.........####....###.. ...##.
##..............### # #...#.
.................. .#######.#...
####......##..##..##.............
#..........##(.# ##........


You could see an orc warrior and Menkaure.

Vanquished Creatures
  Grinder (D:3)
  An ice beast (D:5)
  A sky beast (D:5)
  7 ogres
  A centaur (D:6)
  2 scorpions (D:5)
  A bullfrog zombie (D:5)
  A hound (D:6)
  A bullfrog skeleton (D:6)
  A gnoll shaman (D:6)
  Ijyb (D:3)
  An orc wizard (D:5)
  2 iguanas
  Natasha (D:3)
  5 worker ants
  A hound skeleton (D:6)
  8 gnolls
  10 adders
  An adder skeleton (D:4)
  An adder zombie (D:6)
  4 worms
  A dart slug (D:1)
  20 orcs
  5 giant cockroaches
  14 goblins
  12 hobgoblins
  11 jackals
  7 kobolds
  3 ball pythons
  8 bats
  3 frilled lizards
  A quokka skeleton (D:6)
  5 rats
142 creatures vanquished.

Vanquished Creatures (others)
  A plant (D:6)
1 creature vanquished.

Grand Total: 143 creatures vanquished

Notes
Turn   | Place    | Note
-------+----------+-------------------------------------------
     0 | D:1      | MTVSty1e the Formicid Fighter began the quest for the Orb.
     0 | D:1      | Reached XP level 1. HP: 18/18 MP: 1/1
   229 | D:1      | Reached XP level 2. HP: 24/24 MP: 2/2
  1007 | D:2      | Reached XP level 3. HP: 14/30 MP: 3/3
  1331 | D:2      | Reached skill level 4 in Fighting
  1756 | D:2      | Reached XP level 4. HP: 14/37 MP: 4/4
  2071 | D:2      | Reached skill level 1 in Dodging
  2504 | D:3      | Noticed Grinder
  2710 | D:3      | Reached XP level 5. HP: 33/43 MP: 5/5
  3108 | D:3      | Killed Grinder
  3108 | D:3      | Reached skill level 5 in Fighting
  3108 | D:3      | Reached XP level 6. HP: 36/51 MP: 6/6
  3130 | D:3      | Reached skill level 5 in Shields
  3261 | D:3      | Noticed Natasha
  3272 | D:3      | Killed Natasha
  3272 | D:3      | Reached XP level 7. HP: 43/56 MP: 7/7
  3308 | D:3      | Noticed Ijyb
  3321 | D:3      | Killed Ijyb
  3587 | D:4      | Found Vaurecw's Gadget Shoppe.
  4041 | D:4      | Found a glowing golden altar of the Shining One.
  4053 | D:4      | Became a worshipper of the Shining One
  4155 | D:4      | Reached skill level 6 in Fighting
  4366 | D:4      | Reached XP level 8. HP: 19/65 MP: 8/8
  5349 | D:5      | Entered Level 5 of the Dungeon
  5738 | D:5      | Reached skill level 5 in Armour
  5738 | D:5      | Reached skill level 1 in Invocations
  6289 | D:5      | Reached skill level 7 in Fighting
  6427 | D:5      | Found a glowing silver altar of Zin.
  6427 | D:5      | Noticed an angel
  6514 | D:5      | Reached XP level 9. HP: 72/72 MP: 11/11
  6680 | D:5      | Found a staircase to the Ecumenical Temple.
  6989 | D:6      | Noticed Prince Ribbit
  6989 | D:6      | Reached * piety under the Shining One
  7386 | D:6      | Found a shattered altar of Ashenzari.
  7390 | D:6      | Saw a vision of the Swamp and the Snake Pit.
  7390 | D:6      | Noticed an alligator
  7390 | D:6      | Noticed a naga mage
  7390 | D:6      | Noticed a salamander
  7390 | D:6      | Noticed a naga ritualist
  7390 | D:6      | Noticed a naga warrior
  7390 | D:6      | Noticed an alligator
  7390 | D:6      | Noticed an alligator
  7391 | D:6      | Noticed a guardian serpent
  7392 | D:6      | Noticed a mana viper
  7392 | D:6      | Noticed an alligator
  7474 | D:6      | Found an iron altar of Okawaru.
  7752 | D:6      | Noticed Menkaure
  7763 | D:6      | Slain by an orc warrior

Skill      XL: |  1  2  3  4  5  6  7  8  9 |
---------------+----------------------------+-----
Shields        | 4 5 6 |  6.6
Fighting       | 4 5 6 7 |  7.5
Dodging        | 1 2 3 4 |  4.0
Armour         | 4 5 |  5.5
Axes           | 3 4 |  4.6
Invocations    | 3 4 |  4.3

Action                   |  1- 3 |  4- 6 |  7- 9 || total
-------------------------+-------+-------+-------++-------
Melee: War axe           |   101 |    92 |   300 ||   493
 Abil: Dig               |       |     2 |       ||     2
  Use: Potion            |     1 |     1 |     2 ||     4
  Eat: Bread ration      |     1 |     1 |     2 ||     4
       Pizza             |     1 |       |       ||     1
       Meat ration       |       |       |     1 ||     1
Armor: Scale mail        |    39 |    47 |    91 ||   177
Dodge: Dodged            |    38 |    51 |   131 ||   220
Block: Shield            |    41 |    74 |   158 ||   273
